 Dungeon Crawl Stone Soup version 0.18-a0-1105-ge9caa06 (webtiles) character file.

1372 WhatIsLove the Conjurer (level 8, -12/58 HPs)
             Began as a Demonspawn Conjurer on Jan 16, 2016.
             Mangled by Sumue the merfolk
             ... wielding a +2 trident of protection
             ... created by the player character
              (24 damage)
             ... on level 5 of the Dungeon.
             The game lasted 00:22:54 (4898 turns).

WhatIsLove the Conjurer (Demonspawn Conjurer)       Turns: 4898, Time: 00:22:55

Health: -12/58     AC: 13    Str:  9    XL:     8   Next: 38%
Magic:  0/31       EV: 13    Int: 18    God:
Gold:   228        SH:  0    Dex: 14    Spells: 4 memorised, 3 levels left

rFire  . . .     SeeInvis .     E - +0 bardiche (protect)
rCold  . . .     Gourm    .     K - +0 troll leather armour {Purgy}
rNeg   . . .     Faith    .     (shield currently unavailable)
rPois  .         Spirit   +     (no helmet)
rElec  .         Dismiss  .     v - +0 cloak
rCorr  .         Reflect  .     g - +0 pair of gloves
SustAt .         Harm     +     (no boots)
MR     .....     Rnd*Tele +     D - amulet of harm
Stlth  ++........               H - ring of magical power
                                i - ring of magical power

@: not resistant to hostile enchantments, unstealthy
A: thin metallic scales 1, demonic guardian 1, teleportitis 1, magic shield,
magic regeneration
a: no special abilities


You were on level 5 of the Dungeon.
You were not hungry.

You visited 1 branch of the dungeon, and saw 5 of its levels.
You also visited: Sewer.

You collected 262 gold pieces.

Inventory:

Hand Weapons
 d - a +0 short sword
 E - a +0 bardiche of protection (weapon)
 I - a +3 shortbow of freezing
Missiles
 h - 110 arrows
 r - 27 poisoned needles
 u - 5 curare-tipped needles
Armour
 g - a +0 pair of gloves (worn)
 v - a +0 cloak (worn)
 F - a +1 plate armour of fire resistance
 K - a +0 troll leather armour (worn) {Purgy}
Jewellery
 e - a +4 ring of slaying
 i - a ring of magical power (left hand)
 k - a +4 ring of dexterity
 m - an uncursed amulet of regeneration
 q - an uncursed ring of poison resistance
 D - an amulet of harm (around neck)
 H - a ring of magical power (right hand)
Scrolls
 j - 2 scrolls of teleportation
 s - a scroll of immolation {unknown}
 w - a scroll of blinking
Potions
 o - a potion of berserk rage
 p - a potion of curing
 t - a potion of flight
 z - a potion of might
 A - a potion of agility {unknown}
Books
 b - a book of Conjurations

   Spells                             Type                      Level
   a - Magic Dart                     Conjuration                  1
   b - Searing Ray                    Conjuration                  2
   c - Dazzling Spray                 Conjuration/Hexes            3
   d - Fulminant Prism                Conjuration/Hexes            4
   e - Iskenderun's Mystic Blast      Conjuration                  4
   f - Iskenderun's Battlesphere      Conjuration/Charms           5
 B - a book of Transfigurations

   Spells                             Type                      Level
   a - Stoneskin                      Transmutation/Earth          2
   b - Irradiate                      Conjuration/Transmutation    5
   c - Statue Form                    Transmutation/Earth          6
   d - Hydra Form                     Transmutation                6
   e - Dragon Form                    Transmutation                7
Miscellaneous
 a - a crystal ball of energy
Comestibles
 c - 7 bread rations
 f - 3 meat rations
 l - 6 fruits
 n - a slice of pizza
 x - a royal jelly


   Skills:
 + Level 3.1 Fighting
 + Level 3.2 Armour
 + Level 4.5 Dodging
 + Level 3.1 Stealth
 + Level 3.9 Spellcasting
 * Level 6.0 Conjurations
 + Level 2.1 Hexes
 * Level 2.4 Charms


You had 3 spell levels left.
You knew the following spells:

 Your Spells              Type           Power        Failure   Level  Hunger
a - Magic Dart            Conj           ####         1%          1    None
b - Searing Ray           Conj           ####..       2%          2    ##.....
c - Dazzling Spray        Conj/Hex       ###.....     12%         3    ###....
d - Iskenderun's Battles  Conj/Chrm      ###.....     90%         5    ######.


Dungeon Overview and Level Annotations

Branches:
Dungeon (5/15)
 Temple: D:4-7

Altars:
Qazlal
Ru
Trog
Zin


Innate Abilities, Weirdness & Mutations

A weak demonic guardian rushes to your aid.
When hurt, damage is shared between your health and your magic reserves.
You regenerate magic rapidly.
You are partially covered in thin metallic scales (AC +2).
You are occasionally teleported next to monsters.


Message History

Confirm with . or Enter, or press ? or * to list all spells.
Aiming: Searing Ray
Press: ? - help, Shift-Dir - straight line, f/p - Sumue
Aim: Sumue the merfolk, wielding a trident of protection and wearing a glowing robe (severely wounded, blind, durably summoned)
The searing ray misses Sumue.
Sumue hits you from afar with a trident of protection.
* * * LOW MAGIC WARNING * * *;
* * * LOW HITPOINT WARNING * * *
The searing ray hits Sumue.
Sumue is severely wounded.
* * * LOW MAGIC WARNING * * *
Sumue is no longer blind.
Sumue hits you from afar with a trident of protection!
* * * LOW MAGIC WARNING * * *;
* * * LOW HITPOINT WARNING * * *
Unknown command.
The searing ray hits Sumue.
Sumue is severely wounded.
* * * LOW MAGIC WARNING * * *
Sumue hits you from afar with a trident of protection!!
* * * LOW MAGIC WARNING * * *
You die...

######.#.#.#.#.#.#.#.#.#.#.#.#.
..#.#.#.#.#.#.#.#.#.#.#.#..
###.#.#.#.#.#.#.#.#.#.#.#.#.
##.#.#.#.#.#.#.#.#.#.#.#.#
#.#.#.#.#.#.#.#.#.#.#.#.##
##.#.#.#.#.#.#.#.#.#.#.### #
#.#.#.#.#.#.# #.#.#.#.#.#≈ #
##.#.#.#5#.#.# #.#.#.#.##≈ #.#
##.#.#.#.#6#.#.# #.#.#.#.#. #.#
#.#.#.#.#.#.#.#.#.#.#.#.##≈ #.#
#..#.#.#m#.#.#.#.#.#.#.#.#≈
#.#####.#.#.#.#.#.#.#.#.#.#.#.###
#.#......#.#.#.#.#.#.#.#.#.#.#..#
....#####.#.#.#.#.#.#.#(#.#.#.##≈
......#..#.#)#.#.#.#.#.#.#.#.#'##
..#.#.#.#.#.#)#.#.#.#.#.#.#.#.#..
#.#.#.#..#.#.#.#.#.#.#.#.#.#.#...


You could see Sumue the merfolk and a friendly quasit.

Vanquished Creatures
  Grinder (D:5)
  A hippogriff (D:4)
  Edmund (D:5)
  A phantom (D:5)
  Purgy (Sewer)
  An orc warrior (D:4)
  An ogre (D:4)
  A centaur (D:4)
  A scorpion (D:4)
  A hound (D:4)
  An orc priest (D:5)
  3 worker ants
  A killer bee zombie (D:5)
  A hound skeleton (D:4)
  Robin (D:3)
  4 gnolls
  2 river rats (D:5)
  5 adders
  An adder skeleton (D:5)
  5 worms
  6 giant geckos
  14 orcs
  2 ball pythons
  7 giant cockroaches
  14 goblins
  7 hobgoblins
  18 jackals
  2 quokkas
  9 bats
  7 giant newts
  8 kobolds
  9 rats
137 creatures vanquished.

Vanquished Creatures (collateral kills)
  Sigmund (D:4)
  An adder skeleton (D:5)
  A giant newt (D:5)
3 creatures vanquished.

Grand Total: 140 creatures vanquished

Notes
Turn   | Place    | Note
--------------------------------------------------------------
     0 | D:1      | WhatIsLove the Demonspawn Conjurer began the quest for the Orb.
     0 | D:1      | Reached XP level 1. HP: 13/13 MP: 3/3
   188 | D:1      | Gained mutation: When hurt, damage is shared between your health and your magic reserves. [demonic ancestry]
   188 | D:1      | Reached XP level 2. HP: 17/19 MP: 1/5
   437 | D:1      | Learned a level 2 spell: Searing Ray
   618 | D:1      | Reached XP level 3. HP: 20/24 MP: 0/6
  1665 | D:2      | Reached XP level 4. HP: 30/30 MP: 2/7
  1749 | D:2      | Found a sacrificial altar of Ru.
  1772 | D:2      | Reached skill level 1 in Armour
  1941 | D:2      | Learned a level 3 spell: Dazzling Spray
  2423 | D:3      | Gained mutation: You are partially covered in thin metallic scales (AC +2). [potion of beneficial mutation]
  2457 | D:3      | Reached skill level 5 in Conjurations
  2572 | D:3      | Noticed Robin
  2588 | D:3      | Killed Robin
  2588 | D:3      | Reached XP level 5. HP: 34/36 MP: 9/9
  2958 | D:4      | Found a stormy altar of Qazlal.
  3017 | D:4      | Found a bloodstained altar of Trog.
  3019 | D:4      | Found a glowing silver altar of Zin.
  3138 | D:4      | Reached skill level 1 in Fighting
  3204 | D:4      | Noticed an ogre
  3229 | D:4      | Killed an ogre
  3229 | D:4      | Gained mutation: A weak demonic guardian rushes to your aid. [demonic ancestry]
  3229 | D:4      | Reached XP level 6. HP: 33/43 MP: 5/11
  3306 | D:4      | Found a large runed door.
  3306 | D:4      | Found a large runed door.
  3308 | D:4      | Noticed Sigmund
  3313 | D:4      | Killed Sigmund
  3336 | D:4      | Learned a level 5 spell: Iskenderun's Battlesphere
  3417 | D:4      | Noticed a hippogriff
  3434 | D:4      | Killed a hippogriff
  3434 | D:4      | Reached skill level 1 in Hexes
  3434 | D:4      | Gained mutation: You regenerate magic rapidly. [demonic ancestry]
  3434 | D:4      | Reached XP level 7. HP: 39/50 MP: 8/12
  3576 | D:4      | Found a large runed door.
  3576 | D:4      | Found a large runed door.
  3771 | D:4      | Reached skill level 1 in Charms
  3841 | D:5      | Entered Level 5 of the Dungeon
  3971 | D:5      | Noticed Grinder
  3994 | D:5      | Killed Grinder
  3994 | D:5      | Reached XP level 8. HP: 57/57 MP: 13/13
  4137 | D:5      | Found a glowing drain.
  4141 | Sewer    | Entered a sewer
  4201 | Sewer    | Noticed Purgy
  4218 | Sewer    | Killed Purgy
  4582 | D:5      | Noticed Edmund
  4593 | D:5      | Killed Edmund
  4593 | D:5      | Reached skill level 6 in Conjurations
  4624 | D:5      | Noticed Sumue
  4655 | D:5      | Gained mutation: You are occasionally teleported next to monsters. [helix card]
  4898 | D:5      | Mangled by Sumue the merfolk

Vault maps used:
D:1:      minmay_arrival_cross, serial_park_tiny_1
D:2:      nicolae_ru_sacrificial_ziggurat, first_bread,
          kennysheep_generic_room_4
D:3:      uniq_robin
D:4:      grunt_temple_overflow_open, grunt_qazlal_sundering,
          minmay_hollow_rounded_squares, uniq_sigmund
D:5:      grunt_temple_overflow_lords_of_destruction, gup_sewer_entry_spiral,
          columned_hall_lemuel, minivault_14, uniq_edmund, uniq_grinder
Sewer:    sewer_big_baddie

Action                   |  1- 3 |  4- 6 |  7- 9 || total
-------------------------+-------+-------+-------++-------
Melee: Short sword       |    46 |    85 |     9 ||   140
       Bardiche          |       |       |   108 ||   108
 Cast: Magic Dart        |    47 |    23 |    17 ||    87
       Searing Ray       |     5 |    11 |    21 ||    37
       Dazzling Spray    |       |     6 |    22 ||    28
Evoke: Deck              |       |       |    12 ||    12
  Use: Scroll            |     1 |    10 |     7 ||    18
       Potion            |       |     1 |     1 ||     2
 Stab: Sleeping          |     3 |     1 |     2 ||     6
       Invisible         |       |     1 |     2 ||     3
       Distracted        |       |       |     1 ||     1
  Eat: Chunk             |     3 |     6 |     9 ||    18
